 Dungeon Crawl Stone Soup version 0.30-a0-857-gcaf70739d4 (webtiles) character file.

Game seed: 13328375141157714079

554 bande the Chopper (level 7, -7/44 HPs)
             Began as a Gargoyle Fighter on Mar 6, 2023.
             Mangled by an ogre
             ... wielding a +0 giant spiked club
              (20 damage)
             ... on level 5 of the Dungeon.
             The game lasted 00:06:39 (4132 turns).

bande the Chopper (Gargoyle Fighter)                Turns: 4132, Time: 00:06:40

Health: -7/44      AC: 16    Str: 19    XL:     7   Next: 30%
Magic:  7/7        EV:  5    Int:  9    God:
Gold:   281        SH:  4    Dex: 11    Spells: 6/6 levels left

rFire   . . .      SeeInvis .    a - +0 war axe
rCold   . . .      Faith    .    c - +0 buckler
rNeg    + . .      Spirit   .    C - +0 plate armour
rPois   ∞          Reflect  .    (no helmet)
rElec   +          Rampage  .    (no cloak)
rCorr   .                        (no gloves)
Will    ++...                    (no boots) Stlth
                                 (no amulet)
HPRegen 0.27/turn                l - ring of willpower
MPRegen 0.10/turn                n - ring of willpower

@: no status effects
A: sickness immunity, AC +4, negative energy resistance 1, electricity
resistance, torment resistance 1, petrification resistance
a: no special abilities


You were on level 5 of the Dungeon.
You visited 1 branch of the dungeon, and saw 5 of its levels.

You collected 281 gold pieces.

Inventory:

Hand Weapons
 a - a +0 war axe (weapon)
 B - a +0 flail
Armour
 c - a +0 buckler (worn)
 C - a +0 plate armour (worn)
Jewellery
 k - a ring of protection from cold
 l - a ring of willpower (left hand)
 n - a ring of willpower (right hand)
Wands
 o - a wand of charming (5)
 s - a wand of roots (12)
Scrolls
 b - 2 scrolls of poison {unknown}
 e - a scroll of noise {unknown}
 g - 7 scrolls of identify {unknown}
 h - a scroll of blinking {unknown}
 i - 2 scrolls of fog {unknown}
 j - 3 scrolls of teleportation {unknown}
 r - a scroll of fear {unknown}
 v - a scroll of enchant weapon {unknown}
 y - a scroll of enchant armour {unknown}
 z - a scroll of immolation {unknown}
 A - a scroll of vulnerability {unknown}
Potions
 d - 2 potions of might
 f - 2 potions of heal wounds {unknown}
 m - a potion of resistance {unknown}
 p - 4 potions of curing {unknown}
 q - a potion of attraction {unknown}
 t - 2 potions of magic {unknown}
 w - a potion of lignification {unknown}
 x - a potion of berserk rage {unknown}


   Skills:
 + Level 4.6 Fighting
 + Level 5.0 Axes
 + Level 4.6 Armour
 + Level 4.3 Shields
 * Level 1.7 Evocations


You had 6 spell levels left.
You didn't know any spells.
Your spell library contained the following spells:

 Spells                   Type           Power      Damage    Failure   Level
 Sandblast                Erth           0%         2d4       100%        1
 Passwall                 Tmut/Erth      0%         N/A       100%        2
 Gell's Gravitas          Tloc           0%         N/A       100%        3
 Stone Arrow              Conj/Erth      0%         3d7       100%        3
 Teleport Other           Tloc           0%         N/A       100%        3
 Iskenderun's Battlesphe  Conj           0%         2d6       100%        5
 Dispersal                Tloc           0%         N/A       100%        6
 Iron Shot                Conj/Erth      0%         9d1       100%        6
 Spellforged Servitor     Conj/Summ      0%         N/A       100%        7


Dungeon Overview and Level Annotations

Branches:
Dungeon (5/15)
 Temple: D:4-7

Altars:
Ashenzari
Nemelex Xobeh


Innate Abilities, Weirdness & Mutations

You are immune to sickness and miasma.
Your stone body is resilient. (AC +4)
You are immune to poison.
You resist negative energy. (rN+)
You are resistant to electric shocks. (rElec)
You are resistant to unholy torment.
You are immune to petrification.


Message History

The orc hits you but does no damage.
You slash the orc!
You kill the orc!
No target in view!
No target in view!
No target in view!
No target in view!
Things that are here:
a +0 club; an orc corpse
There is an escape hatch in the ceiling here.
Done exploring.
Done exploring.
No target in view!
Done exploring.
There is a stone staircase leading down here.
You climb downwards.
The white imp shouts!
Found 12 gold pieces.
There is a stone staircase leading up here.
You hit the ogre.
The ogre is lightly wounded.
The ogre hits you with a +0 giant spiked club.
You barely miss the ogre.
The ogre is lightly wounded.
The ogre hits you with a +0 giant spiked club!!
You barely miss the ogre.
The ogre is lightly wounded.
You hit the white imp but do no damage. The white imp gestures at you.
The puff of frost hits you.
* * * LOW HITPOINT WARNING * * *
You slash the ogre!
The ogre is severely wounded.
You hit the white imp. The ogre closely misses you.
The white imp hits you but does no damage. x2
You hit the ogre.
The ogre is almost dead.
You hit the white imp.
The ogre hits you with a +0 giant spiked club!!
You die...

.... ..
#... . ...
. #..#$
...# #..##
#5O.##.#..
#@.......
#.....###
..#####
...# ...##
.... .....
......


You could see an ogre and a white imp.

Vanquished Creatures
  An ogre (D:4)
  2 hounds (D:4)
  Ijyb (D:2)
  An orc wizard (D:3)
  12 gnolls
  9 adders
  A white imp (D:4)
  An ufetubus (D:4)
  2 worms
  6 dart slugs
  8 orcs
  7 ball pythons
  5 endoplasms
  4 giant cockroaches
  19 goblins
  7 hobgoblins
  8 jackals
  6 quokkas
  8 bats
  7 frilled lizards
  7 kobolds
  6 rats
128 creatures vanquished.

Vanquished Creatures (others)
  A plant (D:1)
1 creature vanquished.

Grand Total: 129 creatures vanquished

Notes
Turn   | Place    | Note
-------+----------+-------------------------------------------
     0 | D:1      | bande the Gargoyle Fighter began the quest for the Orb.
     0 | D:1      | Reached XP level 1. HP: 14/14 MP: 1/1
   168 | D:1      | Reached XP level 2. HP: 19/19 MP: 2/2
   303 | D:1      | Reached skill level 2 in Axes
   553 | D:1      | Reached XP level 3. HP: 19/23 MP: 3/3
  1059 | D:2      | Reached XP level 4. HP: 19/29 MP: 4/4
  1447 | D:2      | Reached skill level 3 in Axes
  1553 | D:2      | Noticed Ijyb
  1580 | D:2      | Killed Ijyb
  1581 | D:2      | Reached XP level 5. HP: 31/33 MP: 5/5
  2282 | D:3      | Found a sparkling altar of Nemelex Xobeh.
  2668 | D:3      | Reached XP level 6. HP: 38/38 MP: 6/6
  2669 | D:3      | Reached skill level 4 in Axes
  3292 | D:4      | Reached skill level 1 in Evocations
  3593 | D:4      | Reached XP level 7. HP: 44/44 MP: 7/7
  3666 | D:4      | Found a broken altar of Ashenzari.
  4008 | D:4      | Reached skill level 5 in Axes
  4125 | D:5      | Entered Level 5 of the Dungeon
  4132 | D:5      | Mangled by an ogre

Illustrated notes

Levels and vault maps discovered:
D:1:      dpeg_arrival_court, layout_basic, serial_park_tiny_pond,
          serial_bayou_crossing
D:2:      kennysheep_the_goblin_king, layout_loops_corners,
          minmay_misc_feat_cross, cheibrodos_gnoll_hut
D:3:      minmay_wonky_spiral, layout_loops_cross,
          lemuel_coloured_pillars_altar, minmay_cupped
D:4:      layout_loops_ring, evilmike_ruin_ashenzari
D:5:      kennysheep_kobold_camp, layout_cave_pods, serial_shops,
          nicolae_stop_n_shop_1, minmay_misc_feat_iff, uniq_ijyb

Skill      XL: |  1  2  3  4  5  6  7 |
---------------+----------------------+-----
Axes           | 2 3 4 5 |  5.0
Fighting       | 4 |  4.6
Armour         | 4 |  4.6
Shields        | 4 |  4.3
Evocations     | 1 |  1.7

Action                     |  1- 3 |  4- 6 |  7- 9 || total
---------------------------+-------+-------+-------++-------
  Melee: War axe           |   122 |   252 |    41 ||   415
 Armour: Scale mail        |    96 |   106 |       ||   202
         Chain mail        |       |    60 |       ||    60
         Plate armour      |       |    14 |    31 ||    45
  Dodge: Dodged            |    75 |    99 |    14 ||   188
  Block: Buckler           |    26 |    56 |     9 ||    91

Table legend: (Time is in decaauts)
 A = Elapsed time spent in this place.
 B = Non-inter-level travel time spent in this place.
 C = Inter-level travel time spent in this place.
 D = Time resting spent in this place.
 E = Time spent auto-exploring this place.
 F = Levels seen in this place.
 G = Mean time per level.
                   A        B        C        D        E       F      G
               +--------+--------+--------+--------+--------+-----+--------+
         Total |   4293 |   4191 |    102 |    531 |   2700 |   5 |  858.6 |
       Dungeon |   4293 |   4191 |    102 |    531 |   2700 |   5 |  858.6 |
               +--------+--------+--------+--------+--------+-----+--------+

Top non-repeatable levels by time:
     D:2: 1349 daAuts
     D:4: 1153 daAuts
     D:3: 933 daAuts
     D:1: 849 daAuts
     D:5: 7 daAuts
